AoeStats
← Ciccio Grigiotto

Baltic

510628327Analyzed
3v3 RM · 16h ago on Oct 1, 2026· 52m 33s· 6 players
Game mode
Random Map
Map size
Normal (6 player)
Population
200
Speed
Normal
Resources
Standard
Victory
Conquest
Starting age
Dark Age
Ending age
Imperial Age
RankedLock teamsTeams togetherTeam positionsShared explorationLock speedFull tech treeHidden civsTurbo modeCheats
Victory
Defeat
🇧🇪 Romans · Belgium
985
+12
🇹🇷 Spanish · Türkiye
962
+13
🇮🇳 Maya · India
898
+16
🇮🇹 Italians · Italy
959
-15
🇮🇹 Varangians · Italy
873
-13
🇮🇹 Goths · Italy
869
-13
ILTAV
12:33 Feudal Age
15:13 Loom
17:42 Castle Age
19:31 Gold Mining
19:31 Stone Mining
19:30 Double-Bit Axe
19:27 Horse Collar
21:12 Bow Saw
21:40 Stone Shaft Mining
20:53 Fishing Lines
28:07 Elite Skirmisher
29:47 Vendel Legacy
32:08 Wheelbarrow
31:56 Scale Mail Armor
32:07 Forging
35:25 Imperial Age
38:24 Bloodlines
37:38 Cavalier
39:07 Husbandry
39:37 Scale Barding Armor
40:08 Iron Casting
42:54 Light Cavalry
44:40 Hussar
47:17 Chain Barding Armor
holly1985
11:27 Feudal Age
14:01 Loom
17:09 Castle Age
15:20 Double-Bit Axe
16:51 Wheelbarrow
19:56 Horse Collar
24:34 Elite Skirmisher
29:36 Hand Cart
30:39 Fletching
36:25 Imperial Age
33:22 Pikeman
34:03 Squires
37:42 Perfusion
38:03 Conscription
38:20 Forging
38:11 Scale Mail Armor
38:16 Scale Barding Armor
38:11 Bodkin Arrow
38:20 Padded Archer Armor
40:30 Iron Casting
40:11 Chain Mail Armor
40:01 Padded Archer Armor
43:06 Murder Holes
43:23 Masonry
44:16 Chemistry
43:25 Heavy Plow
44:41 Anarchy
44:04 Man-at-Arms
45:07 Long Swordsman
45:24 Two-Handed Swordsman
47:08 Champion
52:10 Architecture
Ciccio Grigiotto
6:40 Loom
11:26 Feudal Age
15:00 Double-Bit Axe
18:56 Castle Age
20:34 Bow Saw
22:54 Wheelbarrow
23:30 Fishing Lines
25:00 Gillnets
28:47 Gold Mining
29:08 Fletching
29:20 Padded Archer Armor
30:12 Ballistics
33:04 Imperial Age
30:17 Horse Collar
30:56 Stone Mining
34:45 Chemistry
33:43 Bodkin Arrow
34:04 Leather Archer Armor
35:22 Conscription
40:43 Bracer
41:13 Ring Archer Armor
43:41 Pirotechnia
Severine
6:16 Loom
9:13 Feudal Age
16:27 Castle Age
15:16 Horse Collar
17:05 Stone Mining
17:05 Gold Mining
17:30 Double-Bit Axe
19:09 Bow Saw
21:02 Heavy Plow
20:46 Man-at-Arms
21:27 Squires
22:27 Wheelbarrow
21:42 Town Watch
21:53 Long Swordsman
25:34 Hand Cart
30:50 Gold Shaft Mining
34:07 Imperial Age
33:27 Scale Mail Armor
33:38 Forging
33:20 Fletching
33:29 Murder Holes
34:35 Fortified Wall
34:09 Legionary
35:16 Chain Mail Armor
35:36 Iron Casting
34:25 Capped Ram
35:19 Siege Ram
40:59 Blast Furnace
40:43 Conscription
42:44 Caravan
43:34 Siege Engineers
44:30 Chemistry
43:51 Ballistics
43:42 Masonry
47:41 Comitatenses
52:00 Architecture
TidierCast1585
1:47 Loom
11:31 Feudal Age
15:23 Castle Age
13:20 Horse Collar
14:06 Double-Bit Axe
16:04 Heavy Plow
36:08 Bloodlines
36:10 Caravan
36:43 Bow Saw
37:12 Wheelbarrow
36:44 Gold Mining
39:59 Hand Cart
41:33 Scale Barding Armor
41:39 Forging
41:29 Padded Archer Armor
44:07 Imperial Age
43:15 Chain Barding Armor
43:38 Iron Casting
43:35 Husbandry
43:58 Leather Archer Armor
44:31 Cavalier
46:26 Plate Barding Armor
45:37 Elite Conquistador
45:49 Elite Conquistador
46:51 Conscription
49:53 Blast Furnace
49:23 Ring Archer Armor
50:02 Paladin
52:54 Town Watch
striker
0:34 Loom
11:37 Feudal Age
12:19 Double-Bit Axe
12:28 Gold Mining
18:36 Castle Age
17:34 Forging
17:27 Scale Mail Armor
17:33 Horse Collar
21:42 Eagle Warrior
22:23 Squires
28:09 Iron Casting
29:32 Heavy Plow
29:42 Stone Mining
33:56 Imperial Age
33:39 Chain Mail Armor
33:45 Bow Saw
34:21 Stone Shaft Mining
36:06 Holcans
36:49 Conscription
36:42 Elite Eagle Warrior
38:06 Plate Mail Armor
39:52 Two-Man Saw
39:25 Crop Rotation
40:18 Blast Furnace
41:34 Fletching
41:48 Padded Archer Armor
46:13 Bodkin Arrow
48:56 Arson
49:10 Treadmill Crane
49:52 Ballistics
50:34 Chemistry
49:31 Murder Holes
Connection lost

Rejoining the realm…

Still unreachable

The connection could not be restored.

Session expired

The server has moved on; the page needs a fresh start.